 Dungeon Crawl Stone Soup version 0.28.0 (webtiles) character file.

Game seed: 13100610260322173124

276882 danielguo94 the Bludgeoner (level 20, -5/131 HPs)
             Began as a Gargoyle Fighter on Feb 9, 2022.
             Was the Champion of the Shining One.
             Killed from afar by Nikola (37 damage)
             ... with an arc of chain lightning
             ... on level 3 of the Elven Halls.
             The game lasted 01:19:05 (56612 turns).

danielguo94 the Bludgeoner (Gargoyle Fighter)      Turns: 56612, Time: 01:19:06

Health: -5/131     AC: 41    Str: 24    XL:     20   Next: 38%
Magic:  32/32      EV:  9    Int: 25    God:    the Shining One [******]
Gold:   587        SH: 25    Dex: 12    Spells: 19/19 levels left

rFire   + . .      SeeInvis .   i - +6 broad axe (flame)
rCold   + . .      Faith    .   k - +0 tower shield
rNeg    + + +      Spirit   .   l - +2 chain mail {rC+}
rPois   ∞          Reflect  +   D - +0 helmet {Int+3}
rElec   +          Harm     .   P - +1 cloak
rCorr   .          Rampage  .   W - +2 pair of gloves "Fezauf" {Will+ Int+4 Dex-2}
Will    +++..                   T - +1 pair of boots
Stlth   ..........              Y - amulet of reflection
HPRegen 0.31/turn               L - ring of Aring {rF+ rN+ Int+6 Dex+3}
MPRegen 0.23/turn               U - ring of willpower

@: flying, hasted, glowing, very quick
A: sickness immunity, AC +15, big wings, negative energy resistance 1,
electricity resistance, torment resistance 1, petrification resistance,
screaming 1
}: 2/15 runes: serpentine, barnacled
a: Renounce Religion, Divine Shield, Cleansing Flame, Summon Divine Warrior,
Brand Weapon With Holy Wrath


You were on level 3 of the Elven Halls.
You worshipped the Shining One.
The Shining One was exalted by your worship.
You visited 7 branches of the dungeon, and saw 35 of its levels.
You also visited: Sewer and Ossuary.

You collected 3383 gold pieces.
You spent 2796 gold pieces at shops.

Inventory:

Hand Weapons
 a - the +10 hand axe of danielguo94's Anguish {venom, rElec rF++ Dex+2 Stlth-}
   (You found it on level 6 of the Lair of Beasts)

   It poisons the flesh of those it strikes.
   Dex:       It affects your dexterity (+2).
   rF:        It greatly protects you from fire.
   rElec:     It insulates you from electricity.
   Stlth:     It makes you less stealthy.
 i - a +6 broad axe of flaming (weapon)
 r - a +9 eveningstar of protection
Missiles
 f - 3 curare-tipped darts
 n - 3 silver boomerangs
 p - 4 atropa-tipped darts
 x - 27 poisoned darts
 A - 5 silver javelins
 B - 10 throwing nets (quivered)
 X - 18 javelins
Armour
 k - a +0 tower shield (worn)
 l - a +2 chain mail of cold resistance (worn)
 D - a +0 helmet of intelligence (worn)
 P - a +1 cloak (worn)
 R - a +1 plate armour of willpower
 T - a +1 pair of boots (worn)
 W - the +2 pair of gloves "Fezauf" (worn) {Will+ Int+4 Dex-2}
   (You found it on level 1 of the Elven Halls)

   Int:       It affects your intelligence (+4).
   Dex:       It affects your dexterity (-2).
   Will:      It increases your willpower.
Jewellery
 y - a +4 ring of evasion
 K - a +4 ring of protection
 L - the ring of Aring (left hand) {rF+ rN+ Int+6 Dex+3}
   (You bought it in a shop on level 2 of the Dungeon)

   [ring of intelligence]

   Int:       It affects your intelligence (+6).
   Dex:       It affects your dexterity (+3).
   rF:        It protects you from fire.
   rN:        It protects you from negative energy.
 N - a +6 ring of dexterity
 S - the ring of Thoughtfulness {rPois rF- Int+4}
   (You took it off a deep elf knight on level 1 of the Elven Halls)

   [ring of poison resistance]

   Int:       It affects your intelligence (+4).
   rF:        It makes you vulnerable to fire.
   rPois:     It protects you from poison.
 U - a ring of willpower (right hand)
 Y - an amulet of reflection (around neck)
Wands
 z - a wand of mindburst (25)
 E - a wand of acid (4)
 M - a wand of iceblast (23)
 O - a wand of digging (7)
 Q - a wand of charming (15)
Scrolls
 g - 10 scrolls of teleportation
 q - 2 scrolls of brand weapon
 s - 2 scrolls of summoning
 u - 7 scrolls of blinking
 v - 4 scrolls of magic mapping
 C - 4 scrolls of fog
 F - 2 scrolls of identify
 G - 7 scrolls of immolation
 I - 6 scrolls of enchant armour
 V - 4 scrolls of fear
Potions
 b - 6 potions of mutation
 c - 4 potions of resistance
 d - 3 potions of might
 e - 10 potions of curing
 h - 4 potions of cancellation
 m - 2 potions of magic
 o - 7 potions of attraction
 t - 5 potions of heal wounds
 w - 4 potions of haste
 H - 8 potions of lignification
 J - 6 potions of ambrosia


   Skills:
 + Level 15.7 Fighting
 + Level 7.3(13.6) Axes
 + Level 19.2(19.7) Maces & Flails
 + Level 15.0 Armour
 + Level 5.1 Dodging
 + Level 18.8 Shields
 * Level 16.6 Invocations


You had 19 spell levels left.
You didn't know any spells.
Your spell library contained the following spells:

 Spells                   Type           Power      Damage    Failure   Level
 Animate Skeleton         Necr           0%         N/A       80%         1
 Apportation              Tloc           0%         N/A       80%         1
 Foxfire                  Conj/Fire      0%         2x1d4     80%         1
 Magic Dart               Conj           0%         1d3       80%         1
 Pain                     Necr           0%         1d4       80%         1
 Sandblast                Erth           0%         2d4       80%         1
 Shock                    Conj/Air       0%         1d3       80%         1
 Slow                     Hex            0%         N/A       80%         1
 Sting                    Tmut/Pois      0%         1d3       80%         1
 Summon Small Mammal      Summ           0%         N/A       80%         1
 Blink                    Tloc           0%         N/A       91%         2
 Call Imp                 Summ           0%         N/A       91%         2
 Corpse Rot               Necr/Air       0%         N/A       91%         2
 Ensorcelled Hibernation  Hex/Ice        0%         N/A       91%         2
 Passwall                 Tmut/Erth      0%         N/A       91%         2
 Poisonous Vapours        Pois/Air       0%         N/A       91%         2
 Scorch                   Fire           0%         2d5       91%         2
 Searing Ray              Conj           0%         2d4       91%         2
 Confusing Touch          Hex            0%         N/A       99%         3
 Conjure Flame            Conj/Fire      0%         6-21      99%         3
 Dazzling Flash           Conj/Hex       0%         N/A       99%         3
 Gell's Gravitas          Tloc           0%         N/A       99%         3
 Ignite Poison            Fire/Tmut/Pois 0%         N/A       99%         3
 Inner Flame              Hex/Fire       0%         N/A       99%         3
 Lesser Beckoning         Tloc           0%         N/A       99%         3
 Mephitic Cloud           Conj/Pois/Air  0%         N/A       99%         3
 Stone Arrow              Conj/Erth      0%         3d7       99%         3
 Swiftness                Air            0%         N/A       99%         3
 Teleport Other           Tloc           0%         N/A       99%         3
 Vampiric Draining        Necr           0%         2d6       99%         3
 Airstrike                Air            0%         N/A       100%        4
 Flame Wave               Conj/Fire      0%         2d4       100%        4
 Fulminant Prism          Conj/Hex       0%         3d6       100%        4
 Iskenderun's Mystic Bla  Conj/Tloc      0%         2d3       100%        4
 Olgreb's Toxic Radiance  Pois           0%         N/A       100%        4
 Passage of Golubria      Tloc           0%         N/A       100%        4
 Petrify                  Tmut/Erth      0%         N/A       100%        4
 Agony                    Necr           0%         N/A       100%        5
 Alistair's Intoxication  Tmut/Pois      0%         N/A       100%        5
 Blade Hands              Tmut           0%         N/A       100%        5
 Excruciating Wounds      Necr           0%         N/A       100%        5
 Irradiate                Conj/Tmut      0%         3d13      100%        5
 Manifold Assault         Tloc           0%         N/A       100%        5
 Silence                  Hex/Air        0%         N/A       100%        5
 Summon Forest            Summ/Tloc      0%         N/A       100%        5
 Summon Mana Viper        Hex/Summ       0%         N/A       100%        5
 Yara's Violent Unravell  Hex/Tmut       0%         3d3       100%        5
 Dispersal                Tloc           0%         N/A       100%        6
 Starburst                Conj/Fire      0%         6d3       100%        6
 Summon Cactus Giant      Summ           0%         N/A       100%        6
 Dragon Form              Tmut           0%         N/A       100%        7
 Enfeeble                 Hex            0%         N/A       100%        7
 Lehudib's Crystal Spear  Conj/Erth      0%         10d2      100%        8


Dungeon Overview and Level Annotations

Branches:
Dungeon (15/15)            Temple (1/1) D:5            Lair (6/6) D:11
 Shoals (4/4) Lair:3        Snake (4/4) Lair:3        Slime (0/5) Lair:6
    Orc (2/2) D:9             Elf (3/3) Orc:2        Vaults (0/5) D:13
 Depths (0/4) D:15          Sewer (visited)         Ossuary (visited)

Altars:
Ashenzari
Cheibriados
Dithmenos
Elyvilon
Fedhas
Gozag
Hepliaklqana
Kikubaaqudgha
Makhleb
Nemelex Xobeh
Okawaru
Qazlal
Ru
Sif Muna
Trog
Uskayaw
Vehumet
Wu Jian
Xom
Yredelemnul
Zin
The Shining One

Shops:
D:2 =   D:5 ?   D:14 *   Orc:1 =(*   Orc:2 ([*:   Elf:2 :

Portals:
Hell: Lair:6

Annotations:
Snake:1 2 transporters, Seits's ghost, adept MiFi
Snake:2 Roxanne
Elf:3 1 exclusion, Nikola


Innate Abilities, Weirdness & Mutations

You are immune to sickness and miasma.
Your stone body is resilient. (AC +15)
You are immune to poison.
Your large and strong wings let you fly.
You resist negative energy. (rN+)
You are resistant to electric shocks. (rElec)
You are resistant to unholy torment.
You are immune to petrification.
You occasionally shout uncontrollably at your foes.


Message History

A bolt of lightning appears from out of thin air!
The bolt of lightning hits Nikola!
You are too injured to fight recklessly!
You are too injured to fight recklessly!
You are too injured to fight recklessly!
You feel much better.
Okay, then.
Unknown command.
You feel better.
Okay, then.
Unknown command.
You feel better.
Press: ? - help, v - describe, . - travel
Here: Nikola, wielding a +3 rapier of electrocution, wearing a +2 cloak and wearing a +0 pair of gloves (heavily wounded, haloed)
The floor.
Aiming: Corrosive Bolt
Press: ? - help, Shift-Dir - straight line, f - Nikola
Aim: Nikola, wielding a +3 rapier of electrocution, wearing a +2 cloak and wearing a +0 pair of gloves (heavily wounded, haloed, 83% to hit)
The bolt of acid hits Nikola!
Nikola is heavily wounded.
Unknown command.
Unknown command.
You slash Nikola! You burn Nikola.
Nikola is heavily wounded.
Nikola casts a spell.
Lightning arcs from Nikola's hands!
The bolt of lightning hits you!! You resist.
* * * LOW HITPOINT WARNING * * *
A bolt of lightning appears from out of thin air!
The bolt of lightning hits Nikola.
Okay, then.
Unknown command.
You slash Nikola! You burn Nikola.
Nikola is severely wounded.
You barely miss Nikola.
Nikola is severely wounded.
Nikola gestures wildly while chanting.
Lightning arcs from Nikola's hands!
The bolt of lightning hits you!!! You resist.
You die...

#........# #........#
#........# #########+
#####'#### ###.........
#########.# ..+.........
#<........#####.##.........
#..#####........# .........
#..# #.#####.####.§......
#..#####.## #@# #......#
#...^.....####@###......#
####'#####...@.....+......+
......)#########.###.)....#
........# #.# ##.....#
.......## #.# #...@...
......## #.# .).......
.....## #.. .........
#...## ### ...#...


You could see Nikola.

Vanquished Creatures
  Vashnia (Snake:4)
  Rupert (Lair:6)
  The ghost of Gygal Fez the Peltast, an adept MiFi of Okawaru (Snake:4)
  Mlioglotl (Snake:1)
  Asterion (Snake:4)
  A kraken (Shoals:2)
  Agnes (D:15)
  Gastronok (Orc:1)
  A fenstrider witch (Shoals:3)
  7 nagarajas
  Aizul (Snake:1)
  The ghost of Heezod the Fighter, a journeyman MiBe of Trog (Shoals:2)
  2 deep elf annihilators (Elf:1)
  2 deep elf demonologists
  Snorg (Lair:6)
  8 merfolk impalers
  A deep elf death mage (Elf:3)
  9 merfolk javelineers
  Josephine (Orc:1)
  3 deep elf high priests
  3 salamander tyrants (Snake:4)
  A spriggan zombie (D:15)
  3 boulder beetles
  4 vault guards
  Harold (D:7)
  9 naga warriors
  15 hydras
  3 merfolk aquamancers
  An ogre mage (D:15)
  5 centaur warriors
  6 merfolk avatars
  9 anacondas
  4 satyrs
  3 death knights
  27 dancing weapons
  6 two-headed ogres
  4 alligator snapping turtles
  A tengu warrior (D:12)
  11 death yaks
  9 naga sharpshooters
  Urug (Lair:4)
  A vampire mage (D:15)
  Sonja (Lair:5)
  22 deep elf knights
  2 orc high priests (Orc:2)
  3 shock serpents (Snake:2)
  A shock serpent (shapeshifter) (Elf:3)
  A sun demon (Lair:6)
  A sixfirhy (D:8)
  2 skeletal warriors
  2 salamander mystics (Snake:4)
  A death drake (D:12)
  10 sea snakes
  9 naga ritualists
  Pikel (D:6)
  A tengu zombie (D:15)
  13 deep elf archers
  29 deep elf pyromancers
  4 orc knights
  2 necromancers
  A swamp dragon (shapeshifter) (Elf:3)
  27 deep elf zephyrmancers
  26 harpies
  14 fauns
  16 mana vipers
  2 ugly things (D:12)
  A wolf spider (Lair:6)
  11 cyclopes
  8 orc sorcerers
  9 manticores
  9 salamanders
  A fire giant zombie (D:15)
  12 elephants
  15 naga magi
  3 guardian serpents
  29 black mambas
  A gargoyle (D:10)
  5 merfolk sirens
  A smoke demon (Lair:6)
  2 guardian serpents (shapeshifter)
  2 water nymphs
  2 torpor snails
  20 cane toads
  2 orange demons (Lair:6)
  2 unseen horrors
  4 efreet
  12 komodo dragons
  2 kobold demonologists (D:12)
  3 rime drakes
  2 freezing wraiths (D:12)
  Psyche (D:9)
  An ice devil (Lair:6)
  A guardian mummy (D:15)
  30 merfolk
  6 trolls
  3 wind drakes (Shoals:4)
  3 meliai (D:15)
  A queen bee (D:15)
  3 red devils (Lair:6)
  2 polar bears
  Grinder (D:5)
  A hornet (D:8)
  Prince Ribbit (D:9)
  18 blink frogs
  6 snapping turtles
  12 dream sheep
  An ettin skeleton (D:15)
  10 wraiths
  8 humans
  A vampire (D:14)
  Eustachio (D:3)
  3 air elementals
  3 shadows
  4 wyverns
  2 fire elementals
  52 yaks
  6 basilisks
  12 water elementals
  2 steam dragons
  2 vampire mosquitoes (D:12)
  Menkaure (D:4)
  39 nagas
  3 acid dragons
  Duvessa (D:7)
  A warg (D:15)
  3 hell hounds (Lair:6)
  17 water moccasins
  27 orc warriors
  3 black bears
  A sky beast (D:6)
  A necrophage (D:6)
  An ice beast (D:3)
  2 elephant zombies (Lair:4)
  10 ogres
  15 wolves
  5 boggarts (D:14)
  8 centaurs
  3 lemures (D:6)
  2 kobold brigands
  A komodo dragon zombie (Lair:4)
  11 bullfrogs
  3 gnoll sergeants
  3 earth elementals
  A wyvern zombie (D:7)
  3 scorpions
  A water moccasin zombie (D:5)
  Dowan (D:7)
  2 wights (Ossuary)
  21 killer bees
  2 howler monkeys
  4 electric eels
  3 hounds
  Crazy Yiuf (D:2)
  2 centaur zombies
  3 jellies
  19 orc priests
  3 iguanas
  36 orc wizards
  A hell rat (Sewer)
  A scorpion zombie (D:5)
  A hound skeleton (D:5)
  A howler monkey zombie (D:8)
  6 adders
  11 gnolls
  A river rat (Sewer)
  A shadow imp (D:6)
  A white imp (D:7)
  2 ufetubi
  An adder skeleton (D:4)
  2 dart slugs
  3 worms
  75 orcs
  6 bats
  3 endoplasms
  9 giant cockroaches
  4 goblins
  10 hobgoblins
  9 kobolds
  5 quokkas
  4 ball pythons
  A ball python skeleton (Ossuary)
  3 frilled lizards
  A hobgoblin skeleton (Ossuary)
  2 hobgoblin zombies (Ossuary)
  A kobold zombie (Ossuary)
  3 orc skeletons (Ossuary)
  2 orc zombies (Ossuary)
  5 rats (Sewer)
  4 tentacles (Shoals:2)
1160 creatures vanquished.

Vanquished Creatures (collateral kills)
  2 orc warlords (Orc:2)
  An orc high priest (Orc:2)
  2 orc knights (Orc:2)
  An orc sorcerer (Orc:2)
  A troll (Orc:2)
  5 orc warriors (Orc:2)
  4 orc priests (Orc:2)
  An orc wizard (Orc:2)
  4 orcs (Orc:2)
21 creatures vanquished.

Vanquished Creatures (others)
  A nagaraja (Snake:4)
  A merfolk aquamancer (Shoals:4)
  2 dancing weapons
  A wizard (Lair:6)
  An orc knight (D:15)
  2 deep elf zephyrmancers
  A fire elemental (Elf:1)
  An orc (Orc:1)
  54 fungi
  201 plants
  A tentacle (Shoals:2)
  10 withered plants (D:15)
276 creatures vanquished.

Grand Total: 1457 creatures vanquished

Notes
Turn   | Place    | Note
-------+----------+-------------------------------------------
     0 | D:1      | danielguo94 the Gargoyle Fighter began the quest for the
                  | Orb.
     0 | D:1      | Reached XP level 1. HP: 14/14 MP: 1/1
   163 | D:1      | Reached XP level 2. HP: 18/19 MP: 2/2
   550 | D:2      | Reached XP level 3. HP: 21/23 MP: 3/3
   556 | D:2      | Found a shimmering blue altar of Sif Muna.
   584 | D:2      | Found a faded altar of an unknown god.
   622 | D:2      | Found Ural's Jewellery Shop.
   957 | D:2      | Reached skill level 3 in Maces & Flails
  1187 | D:2      | Found a runed translucent door.
  1188 | D:2      | Noticed Crazy Yiuf
  1196 | D:2      | Identified the +5 mace "Beetle's Undoing" {flame, +Blink
                  | rPois MP-9 Dex+5}
  1796 | D:2      | Reached XP level 4. HP: 24/29 MP: 4/4
  2053 | D:3      | Found a glowing drain.
  2106 | Sewer    | Entered a sewer
  2141 | Sewer    | Reached XP level 5. HP: 24/33 MP: 0/5
  2197 | D:3      | Identified the +2 robe "Kihoyh" {Dex+4}
  2498 | D:4      | Reached skill level 4 in Maces & Flails
  2531 | D:4      | Noticed Eustachio
  3073 | D:3      | Noticed an ice beast
  3095 | D:3      | Killed an ice beast
  3096 | D:3      | Reached skill level 5 in Maces & Flails
  3096 | D:3      | Reached XP level 6. HP: 30/38 MP: 0/6
  3391 | D:3      | Killed Eustachio
  3392 | D:3      | Reached XP level 7. HP: 26/43 MP: 0/7
  3598 | D:4      | Noticed Menkaure
  3618 | D:4      | Killed Menkaure
  3619 | D:4      | Reached skill level 6 in Maces & Flails
  3619 | D:4      | Reached skill level 1 in Dodging
  4177 | D:4      | Reached skill level 5 in Fighting
  4243 | D:5      | Entered Level 5 of the Dungeon
  4268 | D:5      | Noticed Grinder
  4278 | D:5      | Killed Grinder
  4279 | D:5      | Reached skill level 7 in Maces & Flails
  4279 | D:5      | Reached skill level 5 in Armour
  4279 | D:5      | Reached XP level 8. HP: 36/49 MP: 0/8
  4281 | D:5      | Found a staircase to the Ecumenical Temple.
  4289 | Temple   | Entered the Ecumenical Temple
  4503 | Temple   | Became a worshipper of the Shining One
  4888 | D:5      | Reached skill level 8 in Maces & Flails
  4947 | D:5      | Found Enufah's Magic Scroll Shoppe.
  4992 | D:5      | Bought a scroll of identify for 24 gold pieces
  4992 | D:5      | Bought a scroll of teleportation for 36 gold pieces
  4992 | D:5      | Bought a scroll of enchant weapon for 90 gold pieces
  4992 | D:5      | Bought a scroll of enchant weapon for 90 gold pieces
  4992 | D:5      | Bought a scroll of identify for 24 gold pieces
  5291 | D:6      | Reached skill level 1 in Invocations
  5296 | D:6      | Reached skill level 9 in Maces & Flails
  5296 | D:6      | Reached XP level 9. HP: 45/54 MP: 0/9
  5671 | D:6      | Noticed Pikel
  5691 | D:6      | Paralysed by Pikel for 2 turns
  5697 | D:6      | Killed Pikel
  5698 | D:6      | Reached skill level 10 in Maces & Flails
  6007 | D:2      | Killed Crazy Yiuf
  6248 | D:7      | Noticed Dowan
  6258 | D:7      | Noticed Duvessa
  6273 | D:7      | Killed Duvessa
  6280 | D:7      | Killed Dowan
  6515 | D:7      | Found a sand-covered staircase.
  6520 | Ossuary  | Entered an ossuary
  6555 | Ossuary  | Reached * piety under the Shining One
  6621 | Ossuary  | Reached ** piety under the Shining One
  6696 | Ossuary  | Reached XP level 10. HP: 49/60 MP: 3/12
  6901 | D:7      | Reached skill level 11 in Maces & Flails
  6969 | D:7      | Found a snail-covered altar of Cheibriados.
  6972 | D:7      | Noticed Harold
  6987 | D:7      | Killed Harold
  7520 | D:8      | Noticed a sixfirhy
  8089 | D:8      | Noticed a two-headed ogre
  8109 | D:8      | Killed a two-headed ogre
  8222 | D:8      | Found a runed translucent door.
  8479 | D:9      | Noticed a two-headed ogre
  8491 | D:9      | Reached skill level 12 in Maces & Flails
  8502 | D:9      | Killed a two-headed ogre
  8503 | D:9      | Reached skill level 5 in Shields
  8618 | D:9      | Reached XP level 11. HP: 54/67 MP: 5/14
  8747 | D:9      | Noticed a two-headed ogre
  8759 | D:9      | Killed a two-headed ogre
  8760 | D:9      | Reached skill level 5 in Invocations
  8867 | D:9      | Found a staircase to the Orcish Mines.
  8898 | D:9      | Noticed Prince Ribbit
  8952 | D:9      | Killed Prince Ribbit
  9020 | D:9      | Noticed Psyche
  9241 | D:9      | Killed Psyche
  9242 | D:9      | Reached skill level 13 in Maces & Flails
  9580 | D:9      | Identified the +9 flail "Kuhaiq" {pain, rPois rF- Int+6
                  | SInv}
  9663 | D:9      | Reached *** piety under the Shining One
  9840 | D:9      | Found a staircase to the Orcish Mines.
 10140 | D:8      | Killed a sixfirhy
 10297 | D:10     | Entered Level 10 of the Dungeon
 10439 | D:10     | Noticed a seven-headed hydra
 10447 | D:10     | Noticed a cyclops
 11148 | D:10     | Found a sparkling altar of Nemelex Xobeh.
 11726 | D:11     | Noticed a cyclops
 11746 | D:11     | Killed a cyclops
 11849 | D:11     | Found a staircase to the Lair.
 12116 | D:11     | Noticed a cyclops
 12126 | D:11     | Killed a cyclops
 12411 | Lair:1   | Entered Level 1 of the Lair of Beasts
 12852 | D:11     | Reached XP level 12. HP: 73/73 MP: 7/16
 13043 | Lair:1   | Reached skill level 14 in Maces & Flails
 15146 | Lair:2   | Noticed a seven-headed hydra
 15157 | Lair:2   | Killed a seven-headed hydra
 15932 | Lair:3   | Found a staircase to the Snake Pit.
 16035 | Lair:3   | Reached skill level 10 in Armour
 16194 | Lair:3   | Reached XP level 13. HP: 65/80 MP: 9/18
 16242 | Lair:3   | Found a sparkling altar of Nemelex Xobeh.
 16287 | Lair:3   | Found a staircase to the Shoals.
 16782 | Lair:3   | Reached skill level 15 in Maces & Flails
 16838 | Lair:3   | Reached **** piety under the Shining One
 18341 | Lair:4   | Identified the +6 chain mail of Past Mistakes {rN+ Str-4
                  | SInv}
 18409 | Lair:4   | Noticed Urug
 18629 | Lair:4   | Killed Urug
 18630 | Lair:4   | Reached skill level 10 in Fighting
 19765 | Lair:5   | Noticed Sonja
 19769 | Lair:5   | Killed Sonja
 20275 | Lair:6   | Entered Level 6 of the Lair of Beasts
 20319 | Lair:5   | Gained mutation: Your large and strong wings let you fly.
                  | [Gargoyle growth]
 20319 | Lair:5   | Reached XP level 14. HP: 86/88 MP: 11/20
 20948 | Lair:6   | Reached ***** piety under the Shining One
 21015 | Lair:6   | Reached skill level 16 in Maces & Flails
 21015 | Lair:6   | Reached skill level 10 in Shields
 21071 | Lair:6   | Found a staircase to the Slime Pits.
 21329 | Lair:6   | Noticed Rupert
 21380 | Lair:6   | Noticed Snorg
 21577 | D:10     | Found a sparkling altar of Nemelex Xobeh.
 23679 | D:12     | Noticed Nessos
 23687 | D:12     | Noticed Nessos
 23687 | D:12     | Nessos changed into Nessos the death drake
 23697 | D:12     | Killed Nessos the death drake
 24141 | D:12     | Reached skill level 10 in Invocations
 24953 | Orc:1    | Entered Level 1 of the Orcish Mines
 24985 | Orc:1    | Found Zommoun's Gadget Gallery.
 25001 | Orc:1    | Bought a wand of iceblast (4) for 128 gold pieces
 25001 | Orc:1    | Bought a wand of mindburst (5) for 144 gold pieces
 25065 | Orc:1    | Found Reabop's Antique Weapon Emporium.
 25224 | Orc:2    | Entered Level 2 of the Orcish Mines
 25805 | Orc:2    | Found a shimmering blue altar of Sif Muna.
 26007 | Orc:2    | Noticed an orc warlord
 26135 | Orc:1    | Reached XP level 15. HP: 75/95 MP: 13/22
 26237 | Orc:1    | Noticed Josephine
 26239 | Orc:1    | Paralysed by an orc sorcerer for 5 turns
 26894 | Orc:2    | Paralysed by an orc sorcerer for 3 turns
 27708 | Lair:6   | Killed Snorg
 28367 | Lair:6   | Killed Rupert
 28368 | Lair:6   | Reached skill level 17 in Maces & Flails
 29024 | Orc:2    | Killed an orc warlord
 29160 | Orc:2    | Found Byor's Antique Armour Boutique.
 29160 | Orc:2    | Found Ruonu's Antique Weapon Shop.
 29173 | Orc:2    | Found Ivozuvur's General Store.
 29173 | Orc:2    | Found Ontodd's Book Boutique.
 29177 | Orc:2    | Bought a scroll of noise for 12 gold pieces
 29177 | Orc:2    | Bought a scroll of enchant weapon for 90 gold pieces
 29178 | Orc:2    | Bought a scroll of teleportation for 36 gold pieces
 29178 | Orc:2    | Bought a scroll of teleportation for 36 gold pieces
 29189 | Orc:2    | Bought a faintly humming plate armour for 924 gold pieces
 29189 | Orc:2    | Identified the +3 plate armour of the Wilderness {+Blink
                  | Stlth+} (You bought it in a shop on level 2 of the Orcish
                  | Mines)
 29312 | Orc:2    | Found a staircase to the Elven Halls.
 29322 | Orc:2    | Reached ****** piety under the Shining One
 29704 | Orc:2    | Noticed an orc warlord
 29756 | Orc:2    | Killed an orc warlord
 30140 | Orc:1    | Paralysed by an orc sorcerer for 2 turns
 30161 | Orc:1    | Noticed Gastronok
 30239 | Orc:1    | Killed Gastronok
 30308 | Orc:1    | Killed Josephine
 30386 | Orc:1    | Found Timapism's Jewellery Shoppe.
 31354 | Lair:6   | Found a burning altar of Makhleb.
 31370 | Lair:6   | Found a gateway to Hell.
 31376 | Lair:6   | Identified the +10 hand axe of danielguo94's Anguish
                  | {venom, rElec rF++ Dex+2 Stlth-}
 31748 | Lair:6   | Reached XP level 16. HP: 103/103 MP: 15/24
 33441 | D:13     | Found a gate to the Vaults.
 34392 | D:14     | Found Qyaroc's CLEARANCE SALE!.
 36112 | D:15     | Entered Level 15 of the Dungeon
 36508 | D:15     | Found a staircase to the Depths.
 36516 | D:15     | Reached skill level 1 in Axes
 36528 | D:15     | Noticed Agnes
 36653 | D:15     | Killed Agnes
 38215 | Snake:1  | Entered Level 1 of the Snake Pit
 38223 | Snake:1  | Noticed Mlioglotl
 38231 | Snake:1  | Noticed an Executioner
 38231 | Snake:1  | Noticed an Executioner
 38355 | Snake:1  | Gained mutation: You occasionally shout uncontrollably at
                  | your foes. [a neqoxec]
 38357 | Snake:1  | Killed Mlioglotl
 38515 | Snake:1  | Found a transporter.
 38521 | Snake:1  | Found a transporter.
 38523 | Snake:1  | Noticed Seits's ghost (adept MiFi)
 38775 | Snake:1  | Got the Volume of Stones and Fire
 39029 | Snake:1  | Found a bloodstained altar of Trog.
 39154 | Snake:1  | Noticed Aizul
 39171 | Snake:1  | Killed Aizul
 39657 | Snake:2  | Reached XP level 17. HP: 80/108 MP: 14/26
 41765 | Snake:2  | Identified Roxanne's Grimoire of Earth
 41765 | Snake:2  | Noticed Roxanne
 41872 | Snake:2  | Reached skill level 5 in Axes
 42800 | Snake:3  | Reached skill level 15 in Shields
 43118 | Snake:4  | Entered Level 4 of the Snake Pit
 43122 | Snake:4  | Noticed Asterion
 43171 | Snake:4  | Killed Asterion
 43431 | Snake:4  | Found an opulent altar of Gozag.
 43456 | Snake:4  | Noticed Vashnia
 43499 | Snake:4  | Killed Vashnia
 43794 | Snake:4  | Identified a scroll of acquirement
 43795 | Snake:4  | Acquired a +2 eveningstar of protection
 43859 | Snake:4  | Found a runed translucent gate.
 43859 | Snake:4  | Found a runed translucent gate.
 43859 | Snake:4  | Found a runed translucent gate.
 44300 | Snake:4  | Noticed Gygal Fez's ghost (adept MiFi)
 44786 | Snake:4  | Reached XP level 18. HP: 27/115 MP: 28/28
 45268 | Snake:4  | Got a serpentine rune of Zot
 45435 | Snake:4  | Killed Gygal Fez's ghost
 45436 | Snake:4  | Reached skill level 18 in Maces & Flails
 45557 | Shoals:1 | Entered Level 1 of the Shoals
 47556 | Shoals:2 | Found a runed translucent gate.
 47556 | Shoals:2 | Found a runed translucent gate.
 47556 | Shoals:2 | Found a runed translucent gate.
 47558 | Shoals:2 | Noticed Heezod's ghost (journeyman MiBe)
 47815 | Shoals:2 | Killed Heezod's ghost
 48332 | D:2      | Bought the ring of Aring {rF+ rN+ Int+6 Dex+3} for 1162
                  | gold pieces
 48848 | Shoals:3 | Reached skill level 15 in Invocations
 49448 | Shoals:4 | Entered Level 4 of the Shoals
 50862 | Shoals:4 | Reached XP level 19. HP: 111/122 MP: 30/30
 51062 | Shoals:4 | Got a barnacled rune of Zot
 52621 | Elf:1    | Entered Level 1 of the Elven Halls
 53129 | Elf:1    | Identified the +2 pair of gloves "Fezauf" {Will+ Int+4
                  | Dex-2}
 53254 | Elf:1    | Paralysed by an air elemental for 1 turns
 53321 | Elf:1    | Reached skill level 15 in Fighting
 53325 | Elf:1    | Found a runed translucent door.
 53327 | Elf:1    | Noticed an Ice Fiend
 53389 | Elf:1    | Identified the ring of Thoughtfulness {rPois rF- Int+4}
 54411 | Elf:2    | Reached skill level 5 in Dodging
 54411 | Elf:2    | Found Duahoopp's Book Emporium.
 54667 | Elf:2    | Found a runed translucent gate.
 54672 | Elf:2    | Found a runed translucent gate.
 54672 | Elf:2    | Found a runed translucent gate.
 54755 | Elf:2    | Reached skill level 19 in Maces & Flails
 55005 | Elf:2    | Reached XP level 20. HP: 77/130 MP: 32/32
 56011 | Elf:3    | Entered Level 3 of the Elven Halls
 56278 | Elf:3    | Reached skill level 15 in Armour
 56465 | Elf:3    | Paralysed by an air elemental for 1 turns
 56576 | Elf:3    | Noticed Nikola
 56612 | Elf:3    | Killed from afar by Nikola

Illustrated notes

Levels and vault maps discovered:
D:1:      minmay_arrival_shoal_huts, layout_loops_ring
D:2:      layout_loops_ring, hellmonk_ecumenical_altar_run_dry, basic_altar,
          serial_shops, nicolae_shop_hallway_plus, minivault_24,
          kennysheep_generic_room_4, uniq_crazy_yiuf_cottage
D:3:      layout_basic, gup_sewer_entry_pipe
D:4:      layout_rooms, uniq_menkaure, uniq_eustachio
D:5:      layout_rooms, temple_fountains, serial_shops,
          nicolae_shop_statue_plus, uniq_grinder
D:6:      layout_loops_ring, uniq_pikel
D:7:      layout_loops_corners, lemuel_crystal_altar,
          nicolae_ossuary_entry_false_entrances, minmay_between, uniq_harold,
          uniq_duvessa
D:8:      cheibrodos_shockbox, layout_basic, palyth_stone_intersect,
          minmay_misc_feat_iff
D:9:      layout_basic, erik_orc_4, uniq_psyche, uniq_prince_ribbit1
D:10:     layout_basic, minmay_ruined_shrine
D:11:     layout_loops_corners, lair_entry_dummy
D:12:     minmay_distorted_concentric_squares, layout_loops_corners,
          grunt_decor_resistance, uniq_nessos
D:13:     layout_rooms, ximxim_vaults_locker_room, serial_rivers,
          chequers_serial_rivers_large_a, chequers_serial_rivers_large_b,
          chequers_serial_rivers_small_b, chequers_serial_rivers_room_b,
          fountainhead
D:14:     layout_cave_pods, fountainhead, nicolae_shop_clearance
D:15:     gammafunk_depths_entry_grave, layout_long_grid,
          chequers_serial_rivers_small_b, special_room [special_room_bee],
          uniq_agnes
Temple:   mainiacjoe_temple_hex_bubbles
Lair:1:   layout_long_grid, beast_lair_carwin_8
Lair:2:   layout_cave_pods, hibernation_bobbens
Lair:3:   layout_loops_ring, elwin_shoals_entry_rocks,
          guppyfry_snake_entry_island, basic_altar, serial_bayou_shore_b
Lair:4:   pond_and_an_island_with_a_cottage, layout_long_grid, uniq_urug
Lair:5:   layout_regular_city, uniq_sonja
Lair:6:   evil_forest, layout_cellular_growth, slime_dummy, uniq_snorg,
          uniq_rupert
Shoals:1: layout_shoals, nicolae_shoals_mertower
Shoals:2: layout_shoals, ebering_ghost_rock_garden
Shoals:3: layout_shoals, nicolae_shoals_beach_house_on_fowls_legs
Shoals:4: shoals_end_grunt_garden, layout_shoals
Snake:1:  layout_grid_maze, gammafunk_ghost_wrathful_warriors, uniq_mlioglotl,
          uniq_aizul
Snake:2:  layout_gridlike, grunt_ministairs_5, grunt_megastairs_4, uniq_roxanne
Snake:3:  layout_rooms
Snake:4:  minmay_snake_end_coiled, layout_chambers, ebering_ghost_rock_garden,
          basic_altar, uniq_vashnia, uniq_asterion
Orc:1:    layout_caves, serial_shops, nicolae_lakefront_shop,
          nicolae_shop_overgrown_old_shop, nicolae_shop_gadgets, uniq_gastronok,
          uniq_josephine
Orc:2:    st_orc_congregation, layout_caves, led_sif_book
Elf:1:    elf_arrival_001, layout_geoelf_grid, serial_sigils,
          serial_sigils_hangedman_gnaw, serial_sigils_hangedman_snap,
          serial_sigils_hangedman_scratch, serial_sigils_hangedman_gut,
          kennysheep_underground_church, dk_noncrumbling_2, minivault_13
Elf:2:    elven_hall_of_blades_hangedman_original [nicolae_blade_tridents],
          layout_rooms, serial_shops, shop
Elf:3:    elf_hall, layout_gridlike, uniq_nikola

Skill      XL: |  1  2  3  4  5  6  7  8  9 10 11 12 13 14 15 16 17 18 19 20 |
---------------+-------------------------------------------------------------+-----
Maces & Flails | 3 5 7 9 10 12 13 14 15 16 17 18 19 | 19.2
Armour         | 4 5 6 8 9 10 11 12 13 14 15 | 15.0
Fighting       | 4 5 6 7 8 9 10 11 12 13 14 15 | 15.7
Dodging        | 1 2 3 4 5 |  5.1
Shields        | 4 5 6 7 9 11 12 14 15 17 18 | 18.8
Invocations    | 1 3 4 6 7 9 10 11 12 13 15 16 | 16.6
Axes           | 3 6 7 |  7.3

Action                   |  1- 3 |  4- 6 |  7- 9 | 10-12 | 13-15 | 16-18 | 19-21 || total
-------------------------+-------+-------+-------+-------+-------+-------+-------++-------
Melee: Flail             |   126 |       |       |       |       |   132 |       ||   258
       Mace              |       |    93 |   254 |   660 |  1713 |   158 |       ||  2878
       Hand axe          |       |       |       |       |       |   840 |       ||   840
       Eveningstar       |       |       |       |       |       |   636 |   586 ||  1222
       Broad axe         |       |       |       |       |       |     6 |    67 ||    73
Invok: Divine Shield     |       |       |       |       |     3 |     2 |       ||     5
       Summon Divine War |       |       |       |       |     2 |       |       ||     2
       Cleansing Flame   |       |       |       |       |       |    25 |     8 ||    33
Evoke: Wand              |       |       |     5 |    11 |    16 |     4 |     1 ||    37
  Use: Scroll            |       |     1 |     8 |     9 |    11 |    12 |     5 ||    46
       Potion            |       |       |       |     2 |     5 |     4 |     4 ||    15
Armor: Scale mail        |    75 |     6 |       |       |       |       |       ||    81
       Chain mail        |       |    38 |   126 |   324 |   918 |   311 |   259 ||  1976
       Plate armour      |       |       |       |       |       |   484 |       ||   484
Dodge: Dodged            |    64 |    27 |    72 |   154 |   440 |   325 |    87 ||  1169
Block: Buckler           |    32 |    11 |    41 |    46 |       |       |       ||   130
       Kite shield       |       |       |       |   218 |   865 |       |       ||  1083
       Tower shield      |       |       |       |       |   200 |  2162 |   595 ||  2957
       Reflection        |       |       |       |       |       |   162 |   107 ||   269
